 Dungeon Crawl Stone Soup version 0.23-a0-175-g97aacdb (webtiles) character file.

83 topirishpotato the Covered (level 4, -12/42 HPs)
             Began as a Deep Dwarf Fighter on Sept 17, 2018.
             Mangled by a gnoll
             ... wielding a +1 halberd of freezing
              (14 damage)
             ... on level 3 of the Dungeon.
             The game lasted 00:02:32 (1704 turns).

topirishpotato the Covered (Deep Dwarf Fighter)     Turns: 1704, Time: 00:02:33

Health: -12/42     AC:  5    Str: 19    XL:     4   Next: 22%
Magic:  4/4        EV:  8    Int:  9    God:
Gold:   78         SH:  9    Dex: 13    Spells: 3/3 levels left

rFire    + . .     SeeInvis .   a - +0 war axe
rCold    + . .     Gourm    .   c - +0 shield
rNeg     . . .     Faith    .   j - +0 ring mail
rPois    .         Spirit   .   (no helmet)
rElec    .         Reflect  .   p - scarf {rC+ rF+}
rCorr    .         Harm     .   (no gloves)
MR       .....                  (no boots)
Stlth    +.........             (no amulet)
HPRegen  0.00/turn              (no ring)
MPRegen  0.09/turn              (no ring)

@: non-regenerating
A: damage resistance, heal wounds, sense surroundings 1, no regeneration
a: Heal Wounds


You were on level 3 of the Dungeon.
You were near starving.

You visited 1 branch of the dungeon, and saw 3 of its levels.

You collected 78 gold pieces.

Inventory:

Hand Weapons
 a - a +0 war axe (weapon)
Armour
 b - a +0 scale mail
 c - a +0 shield (worn)
 j - a +0 ring mail (worn)
 p - a scarf of resistance (worn)
Scrolls
 g - 5 scrolls of identify {unknown}
 h - 2 scrolls of fog {unknown}
 i - a scroll of fear {unknown}
 n - 2 scrolls of teleportation {unknown}
 o - a scroll of remove curse {unknown}
Potions
 d - 3 potions of might
 e - 3 potions of curing {unknown}
 k - a potion of degeneration {unknown}
 l - a potion of brilliance {unknown}
 m - a potion of lignification {unknown}
Comestibles
 f - 6 rations


   Skills:
 + Level 3.0 Fighting
 * Level 3.5 Axes
 + Level 3.9 Armour
 + Level 0.6 Dodging
 + Level 3.8 Shields


You had 3 spell levels left.
You didn't know any spells.
Your spell library was empty.

Dungeon Overview and Level Annotations

Branches:
Dungeon (3/15)

Altars:
Xom


Innate Abilities, Weirdness & Mutations

You are resistant to damage.
You can heal yourself by infusing magical energy.
You passively map a small area around you.
You do not regenerate.


Message History

The gnoll hits you from afar with a halberd of freezing.
The gnoll freezes you. The kobold hits you but does no damage.
The gnoll hits you from afar with a spear.
You slash the kobold!
You kill the kobold!
You block the gnoll's attack. The gnoll hits you but does no damage.
The gnoll closely misses you. The gnoll hits you with a spear.
Things that are here:
a club; a flail of holy wrath; a scroll labeled WOINKA NAASYJ You slash the gnoll!
The gnoll is heavily wounded.
You hit the gnoll but do no damage.
The gnoll hits you with a halberd of freezing!
* * * LOW HITPOINT WARNING * * *
The gnoll freezes you. You block the gnoll's attack.
Your shield and ring mail prevent you from hitting the gnoll.
The gnoll is heavily wounded.
You closely miss the gnoll.
The gnoll hits you with a halberd of freezing!
You die...

* *
*##.......##
##..⌠.⌠....#
#..........# #
#.⌠.....gK.#.#
#....<.....#.#
##......†#.(.#
##.....##...#
########g...##
#.....†@g....#
#....####....#
#.... #....#
##### #....#
#....# #....#
#####


You could see 2 gnolls.

Vanquished Creatures
  3 adders (D:2)
  A gnoll (D:3)
  2 dart slugs (D:1)
  2 leopard geckos (D:2)
  An orc (D:2)
  4 ball pythons
  4 goblins
  4 hobgoblins
  4 jackals (D:3)
  A quokka (D:2)
  A bat (D:2)
  4 frilled lizards (D:1)
  5 kobolds
  3 rats
39 creatures vanquished.

Notes
Turn   | Place    | Note
-------+----------+-------------------------------------------
     0 | D:1      | topirishpotato the Deep Dwarf Fighter began the quest for
                  | the Orb.
     0 | D:1      | Reached XP level 1. HP: 20/20 MP: 1/1
   266 | D:1      | Reached XP level 2. HP: 24/27 MP: 2/2
   449 | D:1      | You fall through a shaft!
   992 | D:2      | Reached XP level 3. HP: 24/33 MP: 3/3
  1162 | D:2      | Found a white marble altar of Elyvilon.
  1164 | D:2      | Found a white marble altar of Elyvilon.
  1164 | D:2      | Found a shimmering altar of Xom.
  1166 | D:2      | Found a burning altar of Makhleb.
  1166 | D:2      | Found a glowing golden altar of the Shining One.
  1166 | D:2      | Found an ancient bone altar of Kikubaaqudgha.
  1671 | D:3      | Reached XP level 4. HP: 25/42 MP: 4/4
  1703 | D:3      | HP: 2/42 [gnoll/halberd of freezing (13)]
  1704 | D:3      | Mangled by a gnoll

Vault maps used:
D:1:      dpeg_arrival_houses_and_road
D:2:      doesnt_xom_only_xom, first_ration, minivault_19
D:3:      lemuel_doored_altar, glass_columns_b, grunt_ministairs_9,
          minmay_misc_feat_pillars, st_stairs_7

Skill      XL: |  1  2  3 |
---------------+----------+-----
Axes           | 3 |  3.5
Fighting       | 3 |  3.0
Armour         | |  3.9
Dodging        | |  0.6
Shields        | |  3.8

Action                   |  1- 3 |  4- 6 || total
-------------------------+-------+-------++-------
Melee: War axe           |   108 |    21 ||   129
 Abil: Heal Wounds       |       |     1 ||     1
  Eat: Chunk             |     1 |       ||     1
Armor: Scale mail        |    23 |       ||    23
       Ring mail         |    16 |     8 ||    24
Dodge: Dodged            |    35 |    14 ||    49
Block: Shield            |    65 |    28 ||    93

Table legend:
 A = Non-vault XP
 B = Vault XP
 C = Vault XP percentage of total XP
 D = Non-vault monster count
 E = Vault monster count
 F = Vault count percentage of total count
                 A         B        C        D         E       F
            +---------+---------+-------+---------+---------+-------
      Total |     111 |       8 |   6.7 |      35 |       4 |  10.3
            +---------+---------+-------+---------+---------+-------
        D:1 |      29 |       0 |   0.0 |      16 |       0 |   0.0
        D:2 |      66 |       0 |   0.0 |      17 |       0 |   0.0
        D:3 |      16 |       8 |  33.3 |       2 |       4 |  66.7
            +---------+---------+-------+---------+---------+-------
